 Dungeon Sprint DCSS version 0.28-a0-10-g964c8b829e (webtiles) character file.

Game seed: 4377806006642673608

4900000 Nausicaa the Axe Maniac (level 27, -30/228 HPs)
             Began as a Djinni Warper on July 25, 2021.
             Was the Champion of Makhleb.
             Annihilated by a sculptor of flesh (258 damage)
             ... in the Dungeon (Sprint VIII: "Arena of Blood").
             The game lasted 00:05:38 (49 turns).

Nausicaa the Axe Maniac (Djinni Warper)               Turns: 49, Time: 00:05:39

Health: -30/228    AC: 12    Str: 10    XL:     27
Gold:   0          EV: 34    Int: 18    God:    Makhleb [******] SH:  0 Dex: 23

rFire   + + .      SeeInvis .   i - +∞ Axe of Woe
rCold   . . .      Faith    .   (shield currently unavailable)
rNeg    + + +      Spirit   .   b - +0 leather armour
rPois   ∞          Reflect  .   (no helmet)
rElec   .          Harm     .   (no cloak)
rCorr   .          Rampage  .   (no gloves)
Will    +++..      NoTele   +   (boots unavailable)
Stlth   ++++++++++              (no amulet)
HPRegen 0.48/turn               (no ring)
MPRegen 0.00/turn               (no ring)

@: lich-form, death channeling, flying
A: draining attack, torment immunity, flying, no potions, sickness immunity,
fire resistance 2, cold vulnerability 1, float, innate caster, hp casting, extra
vitality 1
a: End Transformation, Renounce Religion, Minor Destruction, Lesser Servant of
Makhleb, Major Destruction, Greater Servant of Makhleb


You were in the Dungeon.
You worshipped Makhleb.
Makhleb was exalted by your worship.
You were an undead lich.
You visited 1 branch

Inventory:

Hand Weapons
 a - a +0 hand axe
 i - the +∞ Axe of Woe (weapon)
   (You found it in the Dungeon)
Missiles
 d - 5 boomerangs of dispersal (quivered)
Armour
 b - a +0 leather armour (worn)
Scrolls
 c - 2 scrolls of blinking
Potions
 e - a potion of curing
 f - a potion of heal wounds
 g - a potion of haste
 h - a potion of berserk rage


   Skills:
 O Level 27 Fighting
 + Level 18.6(21.4) Short Blades
 + Level 18.7(21.4) Long Blades
 O Level 27 Axes
 O Level 27 Maces & Flails
 O Level 27 Polearms
 O Level 27 Staves
 O Level 27 Slings
 + Level 17.3 Bows
 + Level 17.3 Crossbows
 O Level 27 Throwing
 O Level 27 Armour
 O Level 27 Dodging
 O Level 27 Stealth
 + Level 20.0 Shields
 O Level 27 Unarmed Combat
 O Level 27 Spellcasting
 O Level 27 Invocations
 + Level 20.0 Evocations


You couldn't memorise any spells.
You knew the following spells:

 Your Spells              Type           Power      Damage    Failure   Level
a - Blink                 Tloc           N/A        N/A       0%          2
b - Lesser Beckoning      Tloc           44%        N/A       0%          3
c - Gell's Gravitas       Tloc           44%        N/A       0%          3
d - Teleport Other        Tloc           88%        N/A       0%          3
e - Manifold Assault      Tloc           88%        N/A       0%          5
f - Animate Skeleton      Necr           100%       N/A       0%          1
g - Ensorcelled Hibernat  Hex/Ice        100%       N/A       0%          2
h - Conjure Flame         Conj/Fire      88%        6-21      0%          3
i - Frozen Ramparts       Ice            100%       1d12      0%          3
j - Dispel Undead         Necr           100%       3d31      0%          4
k - Irradiate             Conj/Tmut      44%        3d28      0%          5
l - Dispersal             Tloc           44%        N/A       0%          6
m - Starburst             Conj/Fire      44%        8x6d12    0%          6
n - Death Channel         Necr           55%        N/A       0%          6
o - Malign Gateway        Summ/Tloc      44%        N/A       1%          7
p - Storm Form            Tmut/Air       44%        N/A       1%          7
q - Necromutation         Tmut/Necr      55%        N/A       1%          8
r - Death's Door          Necr           55%        N/A       2%          9
Your spell library was empty.

Dungeon Overview and Level Annotations

Branches:
Dungeon (1/1)

Altars:
Makhleb


Innate Abilities, Weirdness & Mutations

You are an undead lich.
Your unarmed attacks are suffused with negative energy.
You are immune to unholy pain and torment.
Your necromantic spells are more powerful.
You are flying.
You cannot drink.
You are immune to sickness and miasma.
You are immune to poison.
Your flesh is very heat resistant. (rF++)
You are vulnerable to cold. (rC-)
You float through the air rather than walking.
You learn spells naturally, not from books.
Your magical power is your life essence.
You have superior vitality. (+4 HP)


Message History

The bag of meat hits your spectral bag of meat with a +9 war axe!
The meat berserker hits your spectral meat berserker with a +9 battleaxe!!!!
Your spectral bag of meat hits the bag of meat. x2
Your spectral meat berserker hits the sculptor of flesh but does no damage.
Something hits your spectral meat berserker!!
You hear a shout! x3
Your base Short Blades skill increases to level 18!
Your base Long Blades skill increases to level 18!
Your Bows skill increases to level 17!
Your Crossbows skill increases to level 17!
Your Shields skill gained 2 levels and is now at level 20!
Your Evocations skill gained 2 levels and is now at level 20! 2 orcs, an ogre, a royal mummy and a lich come into view.
Your eldritch tentacle slaps the bag of meat!
Your eldritch tentacle draws strength from the bag of meat's injuries!
Your eldritch tentacle claws the bag of meat!
Your eldritch tentacle drains the bag of meat.
The meat berserker hits your spectral meat berserker with a +9 battleaxe!!!
A sculptor of flesh comes into view. It is wielding a +9 great sword.
You hear a shout!
The destroyer blinks!
Your spectral meat berserker hits the destroyer but does no damage.
Your spectral bag of meat hits the meat berserker but does no damage.
The meat berserker hits your spectral bag of meat with a +9 battleaxe!!!
The meat berserker hits your spectral meat berserker with a +9 battleaxe!!!
The meat berserker hits your spectral meat berserker with a +9 battleaxe!!
The meat berserker hits your spectral bag of meat with a +9 battleaxe!!!
The meat berserker hits your spectral meat berserker with a +9 battleaxe!!
The bag of meat hits your spectral bag of meat with a +9 war axe!!
The bag of meat hits your spectral bag of meat with a +9 war axe!
The meat berserker hits something with a +9 battleaxe!!!
The bag of meat hits your spectral bag of meat with a +9 war axe!
The bag of meat hits your spectral bag of meat with a +9 war axe!!
The meat berserker rages.
The bag of meat hits your spectral bag of meat with a +9 war axe!
Your spectral bag of meat hits the bag of meat. x2
Your spectral bag of meat drains the bag of meat.
The sculptor of flesh hits you with a +9 great sword!!!!!
Ouch! That really hurt!
You die... ....... #..L.. ..M.....§...§o. ......§§...o.o. .......*§..O... ....o.w§...Oo.. .....ooVZzz.o . #.oozZ.O# .#O. #.ooZLZ)#

....o###)ooZ...###.
......oOZ.###ZZ.o....
..#O.oooOZZ_.ZOo.....
#....oOo#..O..#......
......O.#_)<._#......
#.....o.#.....#....O.
..#.o......_.........
.........M###........


You could see an accursed, a tyrant, a destroyer, 3 sculptors of flesh, 9 meat
berserkers, 22 bags of meat, a friendly eldritch tentacle, 4 friendly spectral
bags of meat and 5 friendly spectral meat berserkers.

Vanquished Creatures
  7 vampire knights (D)
  17 ogres (D)
  A hydra (D)
  28 orcs (D)
53 creatures vanquished.

Notes
Turn   | Place    | Note
-------+----------+-------------------------------------------
     0 | D        | Found the +∞ Axe of Woe
     0 | D        | Nausicaa the Djinni Warper began the quest for the Orb.
     0 | D        | Reached XP level 1. HP: 18/18 MP: 0/0
     0 | D        | Noticed a meat berserker
     4 | D        | Became a worshipper of Makhleb the Destroyer
     5 | D        | Noticed a bag of meat
     5 | D        | Noticed a bag of meat
     5 | D        | Noticed a bag of meat
     5 | D        | Noticed a bag of meat
     6 | D        | Killed a meat berserker
     6 | D        | Noticed a meat berserker
     6 | D        | Noticed a bag of meat
     6 | D        | Noticed a bag of meat
     7 | D        | Reached skill level 15 in Dodging
     7 | D        | Reached XP level 2. HP: 41/41 MP: 0/0
     7 | D        | Reached XP level 3. HP: 47/47 MP: 0/0
     7 | D        | Learned a level 1 spell: Animate Skeleton
     7 | D        | Reached XP level 4. HP: 53/53 MP: 0/0
     7 | D        | Reached XP level 5. HP: 58/58 MP: 0/0
     7 | D        | Learned a level 2 spell: Ensorcelled Hibernation
     7 | D        | Reached XP level 6. HP: 65/65 MP: 0/0
     7 | D        | Reached XP level 7. HP: 70/70 MP: 0/0
     7 | D        | Learned a level 3 spell: Conjure Flame
     7 | D        | Reached XP level 8. HP: 76/76 MP: 0/0
     7 | D        | Reached XP level 9. HP: 82/82 MP: 0/0
     7 | D        | Learned a level 3 spell: Frozen Ramparts
     7 | D        | Reached XP level 10. HP: 88/88 MP: 0/0
     7 | D        | Reached XP level 11. HP: 94/94 MP: 0/0
     7 | D        | Learned a level 4 spell: Dispel Undead
     7 | D        | Reached XP level 12. HP: 100/100 MP: 0/0
     7 | D        | Reached XP level 13. HP: 105/105 MP: 0/0
     7 | D        | Learned a level 5 spell: Irradiate
     7 | D        | Noticed a bag of meat
     7 | D        | Noticed a bag of meat
     7 | D        | Noticed a bag of meat
     7 | D        | Noticed a bag of meat
     8 | D        | Noticed a meat berserker
     9 | D        | Killed a bag of meat
     9 | D        | Reached * piety under Makhleb
     9 | D        | Noticed a meat berserker
     9 | D        | Noticed a bag of meat
     9 | D        | Noticed a bag of meat
    10 | D        | Reached XP level 14. HP: 112/112 MP: 0/0
    10 | D        | Noticed a bag of meat
    10 | D        | Killed a meat berserker
    10 | D        | Killed a bag of meat
    10 | D        | Noticed a meat berserker
    10 | D        | Noticed a bag of meat
    11 | D        | Reached XP level 15. HP: 67/117 MP: 0/0
    11 | D        | Learned a level 6 spell: Dispersal
    11 | D        | Reached XP level 16. HP: 70/123 MP: 0/0
    11 | D        | Reached ** piety under Makhleb
    11 | D        | Killed a meat berserker
    12 | D        | Reached skill level 27 in Axes
    12 | D        | Reached XP level 17. HP: 85/148 MP: 0/0
    12 | D        | Learned a level 6 spell: Starburst
    12 | D        | Reached *** piety under Makhleb
    12 | D        | Noticed a meat berserker
    13 | D        | Reached skill level 27 in Fighting
    13 | D        | Reached XP level 18. HP: 147/167 MP: 0/0
    14 | D        | Killed a meat berserker
    14 | D        | Reached **** piety under Makhleb
    15 | D        | Reached skill level 27 in Dodging
    15 | D        | Reached XP level 19. HP: 174/174 MP: 0/0
    15 | D        | Learned a level 6 spell: Death Channel
    15 | D        | Killed a meat berserker
    15 | D        | Reached ***** piety under Makhleb
    16 | D        | Reached XP level 20. HP: 181/181 MP: 0/0
    16 | D        | Noticed a meat berserker
    18 | D        | Reached skill level 27 in Spellcasting
    18 | D        | Noticed a destroyer
    18 | D        | Noticed a destroyer
    19 | D        | Reached XP level 21. HP: 187/187 MP: 0/0
    19 | D        | Learned a level 7 spell: Malign Gateway
    19 | D        | Killed a meat berserker
    20 | D        | Reached skill level 27 in Invocations
    20 | D        | Reached ****** piety under Makhleb
    21 | D        | Reached XP level 22. HP: 194/194 MP: 0/0
    23 | D        | Killed a meat berserker
    23 | D        | Noticed a destroyer
    23 | D        | Noticed a meat berserker
    24 | D        | Reached skill level 27 in Stealth
    24 | D        | Reached XP level 23. HP: 201/201 MP: 0/0
    24 | D        | Learned a level 7 spell: Storm Form
    24 | D        | Killed a destroyer
    25 | D        | Reached skill level 27 in Maces & Flails
    25 | D        | Reached XP level 24. HP: 208/208 MP: 0/0
    26 | D        | Killed a destroyer
    27 | D        | Reached skill level 10 in Polearms
    27 | D        | Reached skill level 10 in Slings
    27 | D        | Reached skill level 15 in Throwing
    28 | D        | Killed a destroyer
    28 | D        | Noticed a destroyer
    29 | D        | Reached skill level 15 in Staves
    29 | D        | Reached XP level 25. HP: 214/214 MP: 0/0
    29 | D        | Learned a level 8 spell: Necromutation
    31 | D        | Reached skill level 15 in Slings
    32 | D        | Noticed a destroyer
    33 | D        | Reached XP level 26. HP: 221/221 MP: 0/0
    33 | D        | Noticed a destroyer
    34 | D        | Killed a destroyer
    35 | D        | Killed a destroyer
    36 | D        | Reached skill level 27 in Armour
    36 | D        | Reached XP level 27. HP: 228/228 MP: 0/0
    36 | D        | Learned a level 9 spell: Death's Door
    37 | D        | Killed a destroyer
    38 | D        | Reached skill level 27 in Unarmed Combat
    39 | D        | Noticed a destroyer
    40 | D        | Reached skill level 27 in Staves
    40 | D        | Reached skill level 27 in Throwing
    41 | D        | Reached skill level 27 in Polearms
    41 | D        | Reached skill level 27 in Slings
    41 | D        | Reached skill level 5 in Crossbows
    44 | D        | Reached skill level 10 in Bows
    44 | D        | Reached skill level 10 in Crossbows
    45 | D        | Noticed a destroyer
    47 | D        | Killed a destroyer
    47 | D        | Noticed a destroyer
    49 | D        | Noticed an accursed
    49 | D        | Noticed an accursed
    49 | D        | Noticed a tyrant
    49 | D        | Annihilated by a sculptor of flesh

Illustrated notes

Levels and vault maps discovered:
D:        meatsprint

Skill      XL: |  1  2  3  4  5  6  7  8  9 10 11 12 13 14 15 16 17 18 19 20 21 22 23 24 25 26 27 |
---------------+----------------------------------------------------------------------------------+-----
Fighting       | 14 22 27 | 27.0
Axes           | 12 17 24 27 | 27.0
Throwing       | 12 18 20 23 27 | 27.0
Armour         | 14 20 23 27 | 27.0
Dodging        | 15 20 27 | 27.0
Spellcasting   | 11 18 24 27 | 27.0
Invocations    | 20 27 | 27.0
Stealth        | 16 27 | 27.0
Maces & Flails | 13 27 | 27.0
Polearms       | 2 14 17 21 27 | 27.0
Staves         | 3 15 18 23 27 | 27.0
Slings         | 2 14 17 21 27 | 27.0
Unarmed Combat | 3 16 19 24 27 | 27.0
Short Blades   | 18 | 18.6
Long Blades    | 18 | 18.7
Bows           | 17 | 17.3
Crossbows      | 17 | 17.3
Shields        | 20 | 20.0
Evocations     | 20 | 20.0

Action                   |  1- 3 |  4- 6 |  7- 9 | 10-12 | 13-15 | 16-18 | 19-21 | 22-24 | 25-27 || total
-------------------------+-------+-------+-------+-------+-------+-------+-------+-------+-------++-------
Melee: Executioner's axe |     1 |       |       |       |     2 |     4 |     6 |     7 |    14 ||    34
 Cast: Death Channel     |       |       |       |       |       |       |       |     1 |       ||     1
       Necromutation     |       |       |       |       |       |       |       |       |     1 ||     1
       Blink             |       |       |       |       |       |       |       |       |     1 ||     1
       Malign Gateway    |       |       |       |       |       |       |       |       |     1 ||     1
 Stab: Distracted        |       |       |       |       |       |       |       |       |     1 ||     1
Dodge: Dodged            |       |       |       |       |     1 |       |       |       |     2 ||     3

Table legend: (Time is in decaauts)
 A = Elapsed time spent in this place.
 B = Non-inter-level travel time spent in this place.
 C = Inter-level travel time spent in this place.
 D = Time resting spent in this place.
 E = Time spent auto-exploring this place.
 F = Levels seen in this place.
 G = Mean time per level.
                   A        B        C        D        E       F      G
               +--------+--------+--------+--------+--------+-----+--------+
         Total |     40 |     40 |      0 |      0 |      0 |   1 |   40.0 |
       Dungeon |     40 |     40 |      0 |      0 |      0 |   1 |   40.0 |
               +--------+--------+--------+--------+--------+-----+--------+

Top non-repeatable levels by time:
       D: 40 daAuts
